Unix NetHack Version 5.0.0-0 post-release - last build Jun 10 2026 00:39:30 (3ee93aec679c4c4259841fe613dc97188e26a321,branch:main).

Game began 2026-06-25 01:00:26, ended 2026-06-25 04:50:43.

CookieCarter, neutral male human Wizard

              -------                                             -------
              |.....|                                             |.....|
              |.....|                                          ###.o..>.|
              |.....|                                ?%#########  |M....|
              |.....|           ##############[#)###)#          #o@.....|
              |...<.|       #####                                 -------
              |......########
              ------- #

CookieCarter the Thaumaturge  St:12 Dx:9 Co:17 In:18 Wi:11 Ch:10  Neutral
Dlvl:8  $:91 HP:0(58) Pw:7(41) AC:9  Xp:6 T:1857 

Latest messages:
 You kill the goblin!
 You see here a goblin corpse.
 You see here a goblin corpse.
 Pick a monster, object or location.
 You hit the paper golem!
 The paper golem hits!
 You hear snoring snakes.
 In what direction? 4
 The spell hits the paper golem!
 The paper golem hits!
 You destroy the paper golem!
 Welcome to experience level 6.
 You see here a goblin corpse.
 You see here a goblin corpse.
 You see here a scroll of identify.
 z - a scroll of identify (3 in total).
 The hill orc thrusts his crude dagger.
 The hill orc hits!
 You hit the hill orc!
 The hill orc thrusts his crude dagger.
 The hill orc hits!
 You hit the hill orc!
 The hill orc thrusts his crude dagger.
 The hill orc hits!
 You hear the splashing of a naiad.
 You kill the hill orc!
 In what direction? 9
 The spell misses the elf mummy.
 The elf mummy hits!
 You miss the elf mummy.
 The elf mummy hits!
 The hill orc picks up a crude dagger.
 In what direction? 9
 The spell hits the elf mummy!
 The elf mummy hits!
 You hit the hill orc!
 The elf mummy hits!
 In what direction? 4
 The spell misses the hill orc.
 A dark potion shatters!
 You smell a peculiar odor...
 Call a dark potion: 
 The elf mummy hits!
 The hill orc thrusts his crude dagger.
 The hill orc hits!
 What do you want to drop? [$a-tvx-zBCE-KM or ?*] B
 You drop 5 potions of healing.
 The elf mummy hits!
 You die...
 Do you want your possessions identified? [ynq] (y) q

Inventory:
 Coins    ('$')
  $ - 91 gold pieces
 Weapons  (')')
  a - a blessed +5 quarterstaff (weapon in hands)
 Armor    ('[')
  b - an uncursed +0 cloak of magic resistance (being worn)
  I - a cursed rotted -1 elven cloak
  J - an uncursed +0 mummy wrapping
 Comestibles  ('%')
  F - 2 uncursed food rations
  s - an uncursed lembas wafer
 Scrolls  ('?')
  y - an uncursed scroll of confuse monster
  H - a cursed scroll of confuse monster
  C - an uncursed scroll of enchant armor
  x - an uncursed scroll of fire
  j - a blessed scroll of identify
  z - 3 uncursed scrolls of identify
  i - an uncursed scroll of light
  q - 2 blessed scrolls of teleportation
  t - a cursed scroll of teleportation
 Spellbooks  ('+')
  v - an uncursed spellbook of create monster
  m - an uncursed spellbook of cure sickness
  G - an uncursed spellbook of detect food
  l - a blessed spellbook of force bolt
  K - an uncursed spellbook of healing
 Potions  ('!')
  g - an uncursed potion of booze
  M - an uncursed potion of gain energy
  h - an uncursed potion of gain level
  p - an uncursed potion of paralysis
  f - an uncursed potion of water
 Rings    ('=')
  d - an uncursed ring of fire resistance
  e - an uncursed ring of teleport control
 Wands    ('/')
  c - a wand of create monster (0:11)
 Tools    ('(')
  E - an uncursed tooled horn
  o - an uncursed blindfold
  k - an uncursed figurine of a Green-elf
  r - an uncursed lock pick
  n - a magic marker (0:21)

CookieCarter the Wizard's attributes:

Background:
 You were a Thaumaturge, a level 6 male human Wizard.
 You were neutral, nominally on a mission for Thoth
 who was opposed by Ptah (lawful) and Anhur (chaotic).
 You were right-handed.
 You were in the Dungeons of Doom, on level 8.
 You entered the dungeon 1857 turns ago.
 It was nighttime.
 You had 345 experience points, 295 more were needed to attain level 7.

Basics:
 You had 0 out of 58 hit points.
 You had 7 out of 41 energy points (spell power).
 Your armor class was 9.
 Your wallet contained 91 zorkmids.
 Autopickup was off.

Final Characteristics:
 Your strength was 12 (limit:18/100).
 Your dexterity was 9 (limit:18).
 Your constitution was 17 (limit:18).
 Your intelligence was 18 (limit:18).
 Your wisdom was 11 (limit:18).
 Your charisma was 10 (limit:18).

Final Status:
 You weren't hungry.
 You were unencumbered.
 You were wielding a quarterstaff.
 You had basic skill with quarterstaff.

Final Attributes:
 You were devoutly aligned.
 You were magic-protected.
 You were telepathic.
 You were warded.
 You are dead.

Miscellaneous:
 You didn't encounter any bones levels.
 Total elapsed playing time was 40 minutes and 30 seconds.

Major events:
 Turn
    1: CookieCarter the neutral male human Wizard entered the dungeon
 1157: attained the rank of Conjurer (level 3)
 1825: attained the rank of Thaumaturge (level 6)
 1857: killed by an elf mummy

Spells:
 Name                 Level Category     Fail Retention
 force bolt             1   attack         0%  91%-100%
 cure sickness          3   healing       71%  76%-100%
 healing                1   healing        0%  76%-100%
 create monster         2   clerical      31%  76%-100%

Skills:
 Fighting Skills
   bare handed combat [Unskilled]
   riding             [Unskilled]
 Weapon Skills
   dagger             [Unskilled]
   knife              [Unskilled]
   axe                [Unskilled]
   short sword        [Unskilled]
   club               [Unskilled]
   mace               [Unskilled]
   quarterstaff       [Basic]
   polearms           [Unskilled]
   spear              [Unskilled]
   trident            [Unskilled]
   sling              [Unskilled]
   dart               [Unskilled]
   shuriken           [Unskilled]
 Spellcasting Skills
   attack spells      [Basic]
   healing spells     [Unskilled]
   divination spells  [Unskilled]
   enchantment spells [Basic]
   clerical spells    [Unskilled]
   escape spells      [Unskilled]
   matter spells      [Unskilled]

Voluntary challenges:
 Character rerolling was not enabled.
 You were an atheist.
 You never genocided any monsters.
 You never polymorphed an object.
 You never changed form.
 You used no wishes.
Achievements:
 You attained the rank of Conjurer.
 You attained the rank of Thaumaturge.

 The Dungeons of Doom: levels 1 to 8
    Level 1:
    Level 2:
    Level 3:
    Level 4:
       A fountain, a sink.
    Level 5:
       A fountain.
    Level 6:
    Level 7:
    Level 8: <- You were here.
       Final resting place for
          you, killed by an elf mummy.


Vanquished creatures:
  a large mimic
  2 small mimics
  a dust vortex
  2 kobold mummies
  a paper golem
  a floating eye
  4 hill orcs
  a rothe
  a dwarf zombie
 an iguana
  a giant rat
  a cave spider
  a gnome zombie
  4 geckos
  4 jackals
  2 goblins
  a sewer rat
  4 grid bugs
  3 lichens
  5 newts
41 creatures vanquished.

No species were genocided or became extinct.

Game over:
                       ----------
                      /          \
                     /    REST    \
                    /      IN      \
                   /     PEACE      \
                  /                  \
                  |   CookieCarter   |
                  |      91 Au       |
                  | killed by an elf |
                  |      mummy       |
                  |                  |
                  |                  |
                  |       2026       |
                 *|     *  *  *      | *
        _________)/\\_//(\/(/\)/\//\/|_)_______

Goodbye CookieCarter the Wizard...

You died in The Dungeons of Doom on dungeon level 8 with 1822 points,
and 91 pieces of gold, after 1857 moves.
You were level 6 with a maximum of 58 hit points when you died.

